 Dungeon Crawl Stone Soup version 0.31-a0-692-gf03d1854d5 (webtiles) character file.

Game seed: 1571949632232242671

126 qw the Shooter (level 5, 0/32 HPs)
             Began as a Gargoyle Hunter on Sept 6, 2023.
             Slain by an orc
             ... wielding a +0 club
              (2 damage)
             ... on level 3 of the Dungeon.
             The game lasted 00:00:45 (1718 turns).

qw the Shooter (Gargoyle Hunter)                    Turns: 1718, Time: 00:00:45

Health: 0/32       AC:  7    Str: 14    XL:     5   Next: 10%
Magic:  5/5        EV: 11    Int: 10    God:
Gold:   42         SH:  0    Dex: 15    Spells: 4/4 levels left

rFire   + . .        Y - +0 shortbow
rCold   . . .        (shield currently unavailable)
rNeg    + . .        c - +0 leather armour
rPois   inf          (no helmet)
rElec   +            (no cloak)
rCorr   .            (no gloves)
SInv    .            (no boots)
Will    +....        (no amulet)
Stlth   ++           f - ring of willpower
HPRegen 0.25/turn    d - ring of protection from fire
MPRegen 0.09/turn

%: no passive effects
@: no status effects
A: sickness immunity, AC +4, negative energy resistance 1, electricity
resistance, torment resistance 1, petrification resistance
a: no special abilities


You were on level 3 of the Dungeon.
You visited 1 branch of the dungeon, and saw 3 of its levels.

You collected 63 gold pieces.
You spent 21 gold pieces at shops.


Innate Abilities, Weirdness & Mutations

You are immune to sickness and miasma.
Your stone body is resilient. (AC +4)
You are immune to poison.
You resist negative energy. (rN+)
You are resistant to electric shocks. (rElec)
You are resistant to unholy torment.
You are immune to petrification.


   Skills:
 - Level 3.0 Fighting
 + Level 5.9 Ranged Weapons
 - Level 1.5 Dodging
 - Level 1.1 Stealth


You had 4 spell levels left.
You didn't know any spells.
Your spell library was empty.

Inventory:

Hand Weapons
 Y - a +0 shortbow (weapon)
Armour
 c - a +0 leather armour (worn)
Jewellery
 d - a ring of protection from fire (right hand)
 e - a ring of ice
 f - a ring of willpower (left hand)
Scrolls
 j - a scroll of identify
Potions
 h - 2 potions of curing
 k - a potion of lignification {unknown}

Dungeon Overview and Level Annotations

Branches:
Dungeon (3/15)

Altars:
Ashenzari

Shops:
D:1 *:*=*


Message History

The orc wizard is almost dead.
The orc wizard casts a spell at you. The puff of flame misses you.
The orc barely misses you.
The orc hits you from afar with a +0 trident!
You shoot an arrow. The arrow hits the orc wizard.
You kill the orc wizard!
The orc hits you but does no damage. x2
You have reached level 5!
You shoot an arrow.
The arrow hits the orc but does no damage.
The orc hits you with a +0 club.
The orc hits you from afar with a +0 trident.
You shoot an arrow.
The arrow hits the orc but does no damage.
The orc barely misses you. x2; The orc hits you but does no damage.
The orc barely misses you.
You shoot an arrow.
The arrow hits the orc but does no damage.
The orc hits you but does no damage. The orc barely misses you.
You shoot an arrow. The arrow barely misses the orc.
The orc hits you but does no damage.
The orc hits you from afar with a +0 trident.
You shoot an arrow.
The arrow hits the orc but does no damage.
The orc misses you. The orc barely misses you.
You shoot an arrow. The arrow hits the orc.
The orc is lightly wounded.
The orc hits you but does no damage. x2
You shoot an arrow.
The arrow hits the orc but does no damage.
The orc is lightly wounded.
The orc hits you but does no damage. The orc closely misses you.
You shoot an arrow.
The arrow hits the orc but does no damage.
The orc is lightly wounded.
The orc hits you with a +0 club. The orc hits you but does no damage.
You shoot an arrow. The arrow closely misses the orc.
The orc hits you from afar with a +0 trident.
The orc barely misses you. The orc hits you with a +0 club.
You die...

##.........
#........?.
#..........
..........
.........
##.......#
#.<......#
#.....##.#
#@).......
#o........
#$.o.....#
#......#.#
####......
#)... ...$
..^


You could see 2 orcs.

Vanquished Creatures
  Jessica (D:2)
  An orc wizard (D:3)
  2 adders (D:2)
  A worm (D:2)
  An orc (D:3)
  6 ball pythons
  7 bats
  An endoplasm (D:1)
  2 giant cockroaches (D:1)
  2 goblins
  5 hobgoblins
  7 jackals (D:1)
  4 quokkas
  4 frilled lizards
  5 kobolds
  A rat (D:2)
50 creatures vanquished.

Notes
Turn   | Place    | Note
-------+----------+-------------------------------------------
     0 | D:1      | qw the Gargoyle Hunter began the quest for the Orb.
     0 | D:1      | Reached XP level 1. HP: 12/12 MP: 1/1
     0 | D:1      | 0 ||| qw: Version: 0.3-a-76-g4403597
     0 | D:1      | 0 ||| qw: Game counter: 340
     0 | D:1      | 0 ||| qw: Melee chars always use a shield: true
     0 | D:1      | 0 ||| qw: God list: Okawaru
     0 | D:1      | 0 ||| qw: Allow faded altars: false
     0 | D:1      | 0 ||| qw: Do Orc after clearing Dungeon:15 true
     0 | D:1      | 0 ||| qw: Do second Lair branch before Depths: true
     0 | D:1      | 0 ||| qw: Lair rune preference: random
     0 | D:1      | 0 ||| qw: Goals: Normal
     0 | D:1      | 0 ||| PLANNING D:1-11
    25 | D:1      | Found Astruipsi's Jewellery Emporium.
    49 | D:1      | 49 ||| SHOPLISTING +4 ring of protection (468 gold, have
                  | 14).
    49 | D:1      | 49 ||| SHOPLISTING +6 ring of dexterity (468 gold, have
                  | 14).
    49 | D:1      | 49 ||| SHOPLISTING amulet of reflection (390 gold, have
                  | 14).
    49 | D:1      | 49 ||| SHOPLISTING ring of positive energy (260 gold, have
                  | 14).
    49 | D:1      | 49 ||| SHOPLISTING ring of willpower (325 gold, have 14).
   121 | D:1      | Reached XP level 2. HP: 17/17 MP: 2/2
   186 | D:1      | Found Joyf's Book Emporium.
   216 | D:1      | Found Etoasik's Assorted Antiques.
   224 | D:1      | 224 ||| SHOPLISTING 2 scrolls labelled RAOSCH NYNERPH (40
                  | gold, have 14).
   224 | D:1      | 224 ||| SHOPLISTING blackened agate ring (100 gold, have
                  | 14).
   224 | D:1      | 224 ||| SHOPLISTING fizzy orange potion (18 gold, have 14).
   224 | D:1      | 224 ||| SHOPLISTING fuming purple potion (18 gold, have
                  | 14).
   224 | D:1      | 224 ||| SHOPLISTING orange potion (18 gold, have 14).
   224 | D:1      | 224 ||| SHOPLISTING ring mail (80 gold, have 14).
   224 | D:1      | 224 ||| SHOPLISTING scroll labelled BIASSEENOI (20 gold,
                  | have 14).
   224 | D:1      | 224 ||| SHOPLISTING scroll labelled CIRCHA KUTUEPN (20
                  | gold, have 14).
   312 | D:1      | Reached XP level 3. HP: 21/21 MP: 3/3
   377 | D:1      | Found Jiusty's Assorted Antiques.
   381 | D:1      | 381 ||| BUYING coppery potion (21 gold).
   381 | D:1      | Bought a coppery potion for 21 gold pieces
   381 | D:1      | 381 ||| SHOPLISTING fuming purple potion (21 gold, have 6).
   381 | D:1      | 381 ||| SHOPLISTING jewelled wooden wand (96 gold, have 6).
   381 | D:1      | 381 ||| SHOPLISTING large cabochon ring (120 gold, have 6).
   381 | D:1      | 381 ||| SHOPLISTING metallic blue potion (21 gold, have 6).
   381 | D:1      | 381 ||| SHOPLISTING ring mail (96 gold, have 6).
   381 | D:1      | 381 ||| SHOPLISTING scroll labelled QYAC LOINEGH (24 gold,
                  | have 6).
   479 | D:1      | Reached skill level 5 in Ranged Weapons
   494 | D:1      | Found Cemm's General Store.
   503 | D:1      | 503 ||| SHOPLISTING +2 robe of resistance (527 gold, have
                  | 12).
   503 | D:1      | 503 ||| SHOPLISTING potion of curing (42 gold, have 12).
   537 | D:1      | 537 ||| DROPPING scarf of invisibility.
   538 | D:1      | 538 ||| DROPPING scarf of shadows.
   539 | D:1      | 539 ||| UPGRADING to ring of willpower.
   540 | D:1      | 540 ||| READING scroll labelled LOALIN IMNUKE.
   541 | D:1      | 541 ||| READING 3 scrolls labelled OGAYRO KAXUIP.
   542 | D:1      | 542 ||| DRINKING 2 fuming white potions.
   543 | D:1      | 543 ||| READING 2 scrolls of identify.
   543 | D:1      | 543 ||| IDENTIFYING fuming purple potion
   544 | D:1      | 544 ||| DROPPING scroll of butterflies.
   545 | D:1      | 545 ||| DROPPING potion of attraction.
   768 | D:2      | Found a broken altar of Ashenzari.
   818 | D:2      | Reached skill level 3 in Fighting
   899 | D:2      | 899 ||| UPGRADING to ring of protection from fire.
   900 | D:2      | 900 ||| DRINKING 2 bubbling green potions.
  1004 | D:2      | 1004 ||| READING 2 scrolls of identify.
  1004 | D:2      | 1004 ||| IDENTIFYING fizzy pink potion
  1005 | D:2      | 1005 ||| DROPPING potion of berserk rage.
  1006 | D:2      | 1006 ||| DROPPING potion of degeneration.
  1009 | D:2      | 1009 ||| STAIRDANCE
  1247 | D:2      | Reached XP level 4. HP: 24/28 MP: 4/4
  1540 | D:2      | Noticed Jessica
  1547 | D:2      | Killed Jessica
  1666 | D:2      | 1666 ||| READING 4 scrolls labelled RAOSCH NYNERPH.
  1667 | D:2      | 1667 ||| READING scroll labelled BIASSEENOI.
  1668 | D:2      | 1668 ||| DROPPING 3 scrolls of fear.
  1710 | D:3      | Reached XP level 5. HP: 15/32 MP: 5/5
  1710 | D:3      | HP: 6/32 [orc/+0 trident (6)]
  1717 | D:3      | HP: 5/32 [orc/+0 club (1)]
  1718 | D:3      | HP: 2/32 [orc/+0 trident (3)]
  1718 | D:3      | Slain by an orc

Levels and vault maps discovered:
D:1:      spicycebolla_arrival_ecumenical, layout_basic, serial_shops,
          nicolae_shop_tiny_statue_garden, nicolae_shop_stone,
          nicolae_shop_just_a_little_nook, nicolae_diamond_shop, shop
D:2:      layout_basic, basic_altar, grunt_decor_one_mirror,
          minmay_split_cup_large, uniq_jessica
D:3:      layout_rooms, serial_glass, glass_columns_c, glass_columns_b

Skill      XL: |  1  2  3 |
---------------+----------+-----
Ranged Weapons | 5 |  5.9
Fighting       | 3 |  3.0
Dodging        | |  1.5
Stealth        | |  1.1

Action                     |  1- 3 |  4- 6 || total
---------------------------+-------+-------++-------
   Fire: Shortbow          |   141 |    55 ||   196
    Use: Scroll            |     4 |     2 ||     6
         Potion            |     2 |       ||     2
 Armour: Leather armour    |    47 |    38 ||    85
  Dodge: Dodged            |    62 |    30 ||    92

Table legend:
 A = Non-vault XP
 B = Vault XP
 C = Vault XP percentage of total XP
 D = Non-vault monster count
 E = Vault monster count
 F = Vault count percentage of total count
                 A         B        C        D         E       F
            +---------+---------+-------+---------+---------+-------
      Total |     124 |      57 |  31.5 |      44 |       6 |  12.0
            +---------+---------+-------+---------+---------+-------
        D:1 |      45 |       0 |   0.0 |      25 |       0 |   0.0
        D:2 |      41 |      57 |  58.2 |      17 |       6 |  26.1
        D:3 |      38 |       0 |   0.0 |       2 |       0 |   0.0
            +---------+---------+-------+---------+---------+-------
